 Dungeon Crawl Stone Soup version 0.30-a0-374-g95c0257040 (webtiles) character file.

Game seed: 2299491054631840741

3574 bande the Cleaver (level 10, -5/61 HPs)
             Began as a Gargoyle Fighter on Nov 25, 2022.
             Was a Believer of Okawaru.
             Slain by a vault guard
             ... wielding a +0 broad axe
              (8 damage)
             ... in a bailey.
             The game lasted 00:15:29 (7505 turns).

bande the Cleaver (Gargoyle Fighter)                Turns: 7505, Time: 00:15:30

Health: -5/61      AC: 23    Str: 21    XL:     10   Next: 10%
Magic:  13/13      EV:  6    Int:  8    God:    Okawaru [**....]
Gold:   211        SH: 10    Dex: 13    Spells: 9/9 levels left

rFire   + . .      SeeInvis .    E - +0 broad axe
rCold   . . .      Faith    .    c - +0 buckler
rNeg    + . .      Spirit   .    C - +0 plate armour
rPois   ∞          Reflect  +    p - +0 helmet
rElec   +          Harm     .    s - +1 cloak
rCorr   .          Rampage  .    (no gloves)
Will    .....                    (no boots)
Stlth   ..........               q - amulet of reflection
HPRegen 0.30/turn                t - ring of protection from fire
MPRegen 0.13/turn                n - ring of flight

@: mighty, flying
A: sickness immunity, AC +7, negative energy resistance 1, electricity
resistance, torment resistance 1, petrification resistance
a: Renounce Religion, Heroism


You were in a bailey.
You worshipped Okawaru.
Okawaru was pleased with you.
You visited 2 branches of the dungeon, and saw 8 of its levels.
You also visited: Bailey.

You collected 211 gold pieces.

Inventory:

Hand Weapons
 a - a +0 war axe
 u - a +0 morningstar
 E - a +0 broad axe (weapon)
Missiles
 r - a throwing net (quivered)
Armour
 c - a +0 buckler (worn)
 p - a +0 helmet (worn)
 s - a +1 cloak (worn)
 C - a +0 plate armour (worn)
Jewellery
 h - an amulet of the acrobat
 m - a ring of see invisible
 n - a ring of flight (right hand)
 q - an amulet of reflection (around neck)
 t - a ring of protection from fire (left hand)
 v - a +6 ring of strength
Scrolls
 e - 3 scrolls of teleportation
 x - a scroll of magic mapping
 y - 2 scrolls of fear
 A - a scroll of amnesia {unknown}
 B - a scroll of enchant weapon {unknown}
 D - a scroll of enchant armour {unknown}
Potions
 f - a potion of resistance
 g - a potion of heal wounds
 i - 3 potions of flight
 j - a potion of curing
 k - a potion of attraction
 l - a potion of haste {unknown}
 o - a potion of lignification {unknown}
 w - a potion of brilliance {unknown}
 z - a potion of ambrosia {unknown}


   Skills:
 + Level 6.6 Fighting
 + Level 8.9 Axes
 + Level 6.9 Armour
 - Level 0.7 Stealth
 + Level 6.8 Shields
 + Level 0.1 Unarmed Combat
 * Level 4.9 Invocations


You had 9 spell levels left.
You didn't know any spells.
Your spell library contained the following spells:

 Spells                   Type           Power      Damage    Failure   Level
 Blink                    Tloc           0%         N/A       100%        2
 Anguish                  Hex/Necr       0%         N/A       100%        4
 Manifold Assault         Tloc           0%         N/A       100%        4
 Enfeeble                 Hex            0%         N/A       100%        7
 Storm Form               Tmut/Air       0%         N/A       100%        7
 Borgnjor's Revivificati  Necr           0%         N/A       100%        8
 Necromutation            Tmut/Necr      0%         N/A       100%        8
 Death's Door             Necr           0%         N/A       100%        9


Dungeon Overview and Level Annotations

Branches:
Dungeon (7/15)             Temple (1/1) D:6          Bailey (1/1)

Altars:
Cheibriados
Elyvilon
Fedhas
Hepliaklqana
Makhleb
Okawaru
Qazlal
Ru
Trog
Uskayaw
Vehumet
Wu Jian
Xom
Zin
The Shining One


Innate Abilities, Weirdness & Mutations

You are immune to sickness and miasma.
Your stone body is resilient. (AC +7)
You are immune to poison.
You resist negative energy. (rN+)
You are resistant to electric shocks. (rElec)
You are resistant to unholy torment.
You are immune to petrification.


Message History

Okawaru accepts your kill.
Prince Ribbit returns to his original shape as he dies.
The vault guard hits you with a +0 broad axe.
You barely miss the vault guard.
The vault guard is heavily wounded.
You block the vault guard's attack.
Unknown command.
You hit the vault guard.
The vault guard is severely wounded.
The vault guard hits you but does no damage.
Unknown command.
You closely miss the vault guard.
The vault guard is heavily wounded.
You block the vault guard's attack.
You slice the vault guard!!
The vault guard is almost dead.
The vault guard hits you with a +0 broad axe!
You block the vault guard's attack.
You completely miss the vault guard.
The vault guard is almost dead.
The vault guard hits you but does no damage.
You barely miss the vault guard.
The vault guard is almost dead.
The vault guard hits you but does no damage.
You slash the vault guard!
The vault guard is almost dead.
The vault guard closely misses you.
You closely miss the vault guard.
The vault guard is almost dead.
The vault guard hits you but does no damage.
You closely miss the vault guard.
The vault guard is almost dead.
The vault guard hits you with a +0 broad axe!
* * * LOW HITPOINT WARNING * * *
The vault guard hits you with a +0 broad axe!
* * * LOW HITPOINT WARNING * * *
You closely miss the vault guard.
The vault guard is almost dead.
The vault guard hits you with a +0 broad axe!
You die...

##$??## #?!.$?#
#.....# #.....#
#..∩..#
###.....###
##≈##.p.##~##
##≈~~##@##~~~##
#≈~~...†...~~~#
#≈~~~.........##
≈~~~.~~~~~~≈≈≈.#
≈~~~....~~≈###'#
≈~~~....~≈##~..#
≈~~~...~~≈#~).~#
≈~~~~..~≈##..~##
#≈~~~..~≈#...~#


You could see a vault guard.

Vanquished Creatures
  A vault guard (Bailey)
  Prince Ribbit (Bailey)
  Eustachio (D:6)
  3 humans (Bailey)
  An orc warrior (D:7)
  A black bear (D:6)
  An ice beast (D:7)
  An ogre (D:5)
  A centaur (D:5)
  A kobold brigand (D:6)
  2 phantoms
  7 bullfrogs (Bailey)
  A gnoll sergeant (D:5)
  4 scorpions
  A howler monkey (D:7)
  5 hounds
  A jelly (D:4)
  4 orc priests
  Crazy Yiuf (D:3)
  2 iguanas
  A gnoll bouda (D:5)
  3 orc wizards
  13 gnolls
  9 adders
  A shadow imp (D:5)
  3 ufetubi
  2 worms
  3 dart slugs
  16 orcs
  6 endoplasms
  2 giant cockroaches
  11 goblins
  5 hobgoblins
  3 jackals (D:3)
  11 kobolds
  5 quokkas
  8 ball pythons
  4 bats
  2 frilled lizards
  4 rats
152 creatures vanquished.

Notes
Turn   | Place    | Note
-------+----------+-------------------------------------------
     0 | D:1      | bande the Gargoyle Fighter began the quest for the Orb.
     0 | D:1      | Reached XP level 1. HP: 14/14 MP: 1/1
   272 | D:1      | Reached XP level 2. HP: 19/19 MP: 2/2
   625 | D:1      | Found a faded altar of an unknown god.
   863 | D:1      | Reached skill level 2 in Axes
  1078 | D:2      | Reached XP level 3. HP: 4/23 MP: 3/3
  1543 | D:2      | Reached XP level 4. HP: 28/28 MP: 4/4
  2163 | D:3      | Reached skill level 3 in Axes
  2266 | D:3      | Reached XP level 5. HP: 27/33 MP: 5/5
  2542 | D:3      | Found a runed translucent door.
  2543 | D:3      | Noticed Crazy Yiuf
  2552 | D:3      | Killed Crazy Yiuf
  2976 | D:4      | Reached XP level 6. HP: 35/38 MP: 6/6
  3167 | D:4      | Reached skill level 4 in Axes
  3641 | D:5      | Entered Level 5 of the Dungeon
  3668 | D:5      | Reached XP level 7. HP: 17/44 MP: 7/7
  4018 | D:5      | Reached skill level 5 in Axes
  4088 | D:5      | Reached skill level 5 in Armour
  4300 | D:5      | Reached skill level 5 in Shields
  4500 | D:5      | Reached XP level 8. HP: 41/48 MP: 8/8
  4623 | D:5      | Reached skill level 6 in Axes
  4984 | D:6      | Reached skill level 5 in Fighting
  5037 | D:6      | Found a staircase to the Ecumenical Temple.
  5049 | Temple   | Entered the Ecumenical Temple
  5088 | Temple   | Became a worshipper of Warmaster Okawaru
  5444 | D:6      | Noticed Eustachio
  5475 | D:6      | Killed Eustachio
  5476 | D:6      | Reached skill level 1 in Invocations
  5696 | D:6      | Reached skill level 7 in Axes
  6214 | D:7      | Reached * piety under Okawaru
  6329 | D:7      | Reached XP level 9. HP: 46/55 MP: 10/10
  6528 | D:7      | Found a flagged portal.
  6535 | Bailey   | Entered a bailey
  6793 | Bailey   | Reached skill level 8 in Axes
  6839 | Bailey   | Reached ** piety under Okawaru
  7010 | Bailey   | Noticed a vault guard
  7039 | Bailey   | Killed a vault guard
  7040 | Bailey   | Reached XP level 10. HP: 21/61 MP: 13/13
  7484 | Bailey   | Noticed a vault guard
  7484 | Bailey   | Noticed Prince Ribbit
  7495 | Bailey   | Killed Prince Ribbit
  7504 | Bailey   | HP: 2/61 [vault guard/+0 broad axe (14)]
  7505 | Bailey   | Slain by a vault guard

Illustrated notes

Levels and vault maps discovered:
D:1:      ebering_hopf_link, layout_basic, basic_ecumenical_altar
D:2:      layout_basic, st_stairs_10
D:3:      layout_rooms, serial_rivers, chequers_serial_rivers_micro_a,
          chequers_serial_rivers_micro_d, chequers_serial_rivers_micro_a,
          chequers_serial_rivers_micro_b, chequers_serial_rivers_micro_b,
          corexii_shack, uniq_crazy_yiuf_cottage
D:4:      layout_gridville
D:5:      layout_loops_corners
D:6:      layout_gridville, minmay_temple_entry_ruins,
          nicolae_kite_square_tiling_tiny, uniq_eustachio
D:7:      layout_basic, enter_bailey_2
Temple:   compressed_dpeg_triangle_lava_temple
Bailey:   bailey_axe_froggy_fort_hellmonk, bailey

Skill      XL: |  1  2  3  4  5  6  7  8  9 |
---------------+----------------------------+-----
Axes           | 2 3 4 5 7 8 |  8.9
Armour         | 4 5 6 |  6.9
Shields        | 4 5 6 |  6.8
Fighting       | 4 5 6 |  6.6
Invocations    | 2 4 |  4.9
Stealth        | |  0.7
Unarmed Combat | |  0.1

Action                   |  1- 3 |  4- 6 |  7- 9 | 10-12 || total
-------------------------+-------+-------+-------+-------++-------
Melee: War axe           |    94 |   183 |   349 |       ||   626
       Unarmed           |       |       |     3 |       ||     3
       Broad axe         |       |       |       |    18 ||    18
  Use: Scroll            |       |     6 |     5 |       ||    11
       Potion            |       |       |     1 |     1 ||     2
Armor: Scale mail        |    61 |   105 |   143 |       ||   309
       Skin              |       |       |    12 |       ||    12
       Plate armour      |       |       |    46 |    11 ||    57
Dodge: Dodged            |    55 |    81 |   130 |     4 ||   270
Block: Buckler           |    33 |    92 |   197 |     5 ||   327
       Reflection        |       |     5 |     1 |       ||     6

Table legend: (Time is in decaauts)
 A = Elapsed time spent in this place.
 B = Non-inter-level travel time spent in this place.
 C = Inter-level travel time spent in this place.
 D = Time resting spent in this place.
 E = Time spent auto-exploring this place.
 F = Levels seen in this place.
 G = Mean time per level.
                   A        B        C        D        E       F      G
               +--------+--------+--------+--------+--------+-----+--------+
         Total |   7691 |   7356 |    335 |   1505 |   4139 |   9 |  854.6 |
       Dungeon |   6649 |   6314 |    335 |    795 |   4083 |   7 |  949.9 |
        Temple |     56 |     56 |      0 |      0 |      0 |   1 |   56.0 |
        Bailey |    985 |    985 |      0 |    710 |     56 |   1 |  985.0 |
               +--------+--------+--------+--------+--------+-----+--------+

Top non-repeatable levels by time:
     D:5: 1362 daAuts
     D:6: 1175 daAuts
     D:1: 1089 daAuts
  Bailey: 985 daAuts
     D:2: 932 daAuts
     D:3: 920 daAuts
     D:4: 810 daAuts
     D:7: 358 daAuts
  Temple: 56 daAuts
